 Dungeon Crawl Stone Soup version 0.24.1 (webtiles) character file.

Game seed: 2171183660368502187, levelgen mode: deterministic

30 Descartes the Gusty (level 3, 0/19 HPs)
             Began as a Deep Elf Air Elementalist on Apr 1, 2020.
             Slain by an adder (4 damage)
             ... on level 1 of the Dungeon.
             The game lasted 00:02:16 (1215 turns).

Descartes the Gusty (Deep Elf Air Elementalist)     Turns: 1215, Time: 00:02:16

Health: 0/19       AC:  2    Str:  6    XL:     3   Next: 5%
Magic:  9/9        EV: 13    Int: 19    God:
Gold:   45         SH:  0    Dex: 15    Spells: 7/8 levels left

rFire    . . .     SeeInvis .   e - +0 dagger
rCold    . . .     Gourm    .   (no shield)
rNeg     . . .     Faith    .   a - +0 robe
rPois    .         Spirit   .   (no helmet)
rElec    .         Reflect  .   (no cloak)
rCorr    .         Harm     .   (no gloves)
MR       .....                  (no boots)
Stlth    ++........             (no amulet)
HPRegen  0.06/turn              (no ring)
MPRegen  0.11/turn              (no ring)

@: hasted, very quick
A: no striking features
a: no special abilities


You were on level 1 of the Dungeon.
You were not hungry.

You visited 1 branch of the dungeon, and saw 2 of its levels.

You collected 45 gold pieces.

Inventory:

Hand Weapons
 e - a +0 dagger (weapon)
Missiles
 f - 48 stones (quivered)
 h - 4 curare-tipped darts
Armour
 a - a +0 robe (worn)
Jewellery
 k - an uncursed ring of protection from cold {unknown}
Scrolls
 b - 2 scrolls of teleportation {unknown}
 g - a scroll of fear {unknown}
Potions
 d - a potion of cancellation {unknown}
 i - a potion of mutation {unknown}
 j - a potion of haste
 l - a potion of brilliance {unknown}
 m - a potion of heal wounds {unknown}
 o - a potion of flight {unknown}
 p - a potion of might {unknown}
Comestibles
 c - 3 rations
 n - a chunk of flesh


   Skills:
 + Level 0.3 Armour
 + Level 2.8 Dodging
 * Level 3.0 Stealth
 + Level 3.2 Spellcasting
 + Level 1.5 Conjurations
 * Level 3.3 Air Magic


You had 7 spell levels left.
You knew the following spells:

 Your Spells              Type           Power        Failure   Level  Hunger
a - Shock                 Conj/Air       ##..         5%          1    None

Your spell library contained the following spells:

 Spells                   Type           Power        Failure   Level  Hunger
 Swiftness                Chrm/Air       #.......     12%         2    ##.....
 Static Discharge         Conj/Air       ##......     16%         3    ###....
 Airstrike                Air            ###.......   36%         4    ####...
 Lightning Bolt           Conj/Air       ##........   83%         5    ######.


Dungeon Overview and Level Annotations

Branches:
Dungeon (2/15)

Altars:


Message History

HP restored.
There is a stone staircase leading down here.
You climb downwards.
A frilled lizard comes into view.
The jackal closely misses you. The frilled lizard misses you.
The rat bites you. The adder barely misses you. The jackal bites you. x3
The rat bites you. The frilled lizard bites you.
The adder completely misses you. The jackal closely misses you.
There is a stone staircase leading up, spattered with blood here.
The jackal closely misses you. The jackal completely misses you.
The jackal barely misses you. The kobold barely misses you.
The adder barely misses you. The jackal misses you.
The frilled lizard closely misses you. The rat closely misses you.
You climb upwards.
There is a stone staircase leading down here.
It was a potion of haste.
You feel yourself speed up. The jackal misses you. The jackal bites you.
* * * LOW HITPOINT WARNING * * *
The jackal barely misses you. The adder bites you.
You die...

#.......).).......#
##.########.##############
#.# #..............#
#.#####################.#
#.......# #.# #######.#
#########.######## #.#
#h..รท.............
#.#######K#######.########
#.#.....h@h...............
#......lShr.....#.........
#............##.##########
#............#..# #....#
#............#..#####.####
#............#............
#...........#########.####
#.................#.......
##..........#####.#.#.....


You could see an adder, 4 jackals, a kobold, a frilled lizard and a rat.

Vanquished Creatures
  An adder (D:1)
  A leopard gecko (D:1)
  A ball python (D:1)
  A giant cockroach (D:1)
  7 goblins (D:1)
  A jackal (D:1)
  2 kobolds (D:1)
  2 frilled lizards (D:1)
  3 rats (D:1)
19 creatures vanquished.

Notes
Turn   | Place    | Note
-------+----------+-------------------------------------------
     0 | D:1      | Descartes the Deep Elf Air Elementalist began the quest for
                  | the Orb.
     0 | D:1      | Reached XP level 1. HP: 10/10 MP: 6/6
   330 | D:1      | Reached XP level 2. HP: 15/15 MP: 5/8
  1120 | D:1      | Reached XP level 3. HP: 13/19 MP: 2/9
  1215 | D:1      | Slain by an adder

Levels and vault maps discovered:
D:1:      matt_arrival_grand_opening, layout_basic
D:2:      layout_rooms, led_sif_pool, serial_park_tiny_1, okawaru_trees_1

Skill      XL: |  1  2 |
---------------+-------+-----
Stealth        | 3 |  3.0
Armour         | |  0.3
Dodging        | |  2.8
Spellcasting   | |  3.2
Conjurations   | |  1.5
Air Magic      | |  3.3

Action                   || total
-------------------------++-------
 Cast: Shock             ||    36
  Use: Potion            ||     1
  Eat: Chunk             ||     1
Armor: Robe              ||     3
Dodge: Dodged            ||    22
